 Dungeon Crawl Stone Soup version 0.23.0-33-g5e6c059 (webtiles) character file.

Game seed: 5289644921292645742

239 Folque the Digger (level 5, -8/42 HPs)
             Began as a Draconian Earth Elementalist on Feb 26, 2019.
             Mangled by Crazy Yiuf
             ... wielding a +2 quarterstaff of chaos
              (11 damage)
             ... on level 2 of the Dungeon.
             The game lasted 00:06:28 (2098 turns).

Folque the Digger (Draconian Earth Elementalist)    Turns: 2098, Time: 00:06:29

Health: -8/42      AC:  5    Str: 10    XL:     5   Next: 79%
Magic:  1/10       EV: 12    Int: 17    God:
Gold:   65         SH:  0    Dex: 11    Spells: 5/11 levels left

rFire    . . .     SeeInvis .   n - +7 scythe (slice)
rCold    . . .     Gourm    .   (shield currently unavailable)
rNeg     . . .     Faith    .   (armour unavailable)
rPois    .         Spirit   .   (helmet restricted)
rElec    .         Reflect  .   (no cloak)
rCorr    .         Harm     .   (no gloves)
MR       .....                  (no boots)
Stlth    ++........             (no amulet)
HPRegen  0.14/turn              (no ring)
MPRegen  0.12/turn              (no ring)

@: very slightly contaminated, slowed, very slow
A: unfitting armour, cold-blooded, AC +5
a: no special abilities


You were on level 2 of the Dungeon.
You were not hungry.

You visited 1 branch of the dungeon, and saw 2 of its levels.

You collected 65 gold pieces.

Inventory:

Hand Weapons
 g - a +0 short sword
 n - a +7 scythe of slicing (weapon)
Missiles
 b - 55 stones (quivered)
Jewellery
 e - an uncursed amulet of rage {unknown}
Scrolls
 d - 2 scrolls of remove curse {unknown}
 f - 3 scrolls of enchant armour {unknown}
 h - 3 scrolls of identify {unknown}
 j - a scroll of blinking {unknown}
 m - a scroll of amnesia {unknown}
Potions
 a - a potion of agility {unknown}
 i - 2 potions of curing
 k - a potion of ambrosia {unknown}
Comestibles
 c - 8 rations
 l - 4 chunks of flesh


   Skills:
 - Level 2.5 Fighting
 - Level 1.7 Dodging
 - Level 1.7 Stealth
 + Level 3.8 Spellcasting
 + Level 1.8 Conjurations
 - Level 1.0 Transmutations
 + Level 4.2 Earth Magic


You had 5 spell levels left.
You knew the following spells:

 Your Spells              Type           Power        Failure   Level  Hunger
a - Sandblast             Erth           ###...       2%          1    None
b - Passwall              Tmut/Erth      ##......     9%          2    ##.....
c - Stone Arrow           Conj/Erth      ##....       14%         3    ###....

Your spell library contained the following spells:

 Spells                   Type           Power        Failure   Level  Hunger
 Petrify                  Tmut/Erth      ##......     47%         4    ####...
 Lee's Rapid Deconstruct  Erth           ###.......   61%         5    ######.


Dungeon Overview and Level Annotations

Branches:
Dungeon (2/15)

Altars:

Annotations:
D:2 Crazy Yiuf


Innate Abilities, Weirdness & Mutations

Your plain brown scales are hard. (AC +5)
You cannot fit into any form of body armour.
You are cold-blooded and may be slowed by cold attacks.


Message History

Aiming: Sandblast (safe; 2% risk of failure)
Press: ? - help, Shift-Dir - straight line, f/p - Crazy Yiuf
Aim: Crazy Yiuf, wielding a +2 quarterstaff of chaos and wearing a +0 cloak (almost dead)
The blast of sand hits Crazy Yiuf but does no damage.
Crazy Yiuf is almost dead.
b - 56 stones Crazy Yiuf hits you with a +2 quarterstaff of chaos!
* * * LOW HITPOINT WARNING * * *
You feel yourself slow down. Crazy Yiuf freezes you.
* * * LOW HITPOINT WARNING * * *
Okay, then.
Casting: Sandblast (safe; 2% risk of failure)
Confirm with . or Enter, or press ? or * to list all spells.
Aiming: Sandblast (safe; 2% risk of failure)
Press: ? - help, Shift-Dir - straight line, f/p - Crazy Yiuf
Aim: Crazy Yiuf, wielding a +2 quarterstaff of chaos and wearing a +0 cloak (almost dead)
The blast of sand misses Crazy Yiuf.
b - 55 stones Crazy Yiuf hits you with a +2 quarterstaff of chaos!
You die...

#....####.....#
#.. #....#
#.....####..
♣P.P♣♣
#..#####.+..
♣).P♣ #..#
###'#.. ♣♣)♣♣
#..# #....##
♣)♣♣ ####
#....## ♣♣)♣
#....## ♣)♣♣
#....## ♣♣@♣
#...÷## #g#
#....## )))
#....## #)))#
#....## #).)#
###'### #####
#.### #....
#####


You could see Crazy Yiuf.

Vanquished Creatures
  Sigmund (D:2)
  Terence (D:1)
  An adder (D:2)
  A worm (D:2)
  A dart slug (D:2)
  A leopard gecko (D:1)
  A ball python (D:1)
  3 giant cockroaches
  2 goblins (D:1)
  7 hobgoblins
  9 jackals
  5 bats
  A frilled lizard (D:2)
  5 kobolds
  5 rats (D:1)
  2 fungi (D:2)
46 creatures vanquished.

Notes
Turn   | Place    | Note
-------+----------+-------------------------------------------
     0 | D:1      | Folque the Draconian Earth Elementalist began the quest for
                  | the Orb.
     0 | D:1      | Reached XP level 1. HP: 14/14 MP: 3/3
     0 | D:1      | Noticed a minotaur zombie
    10 | D:1      | Noticed a minotaur zombie
   286 | D:1      | Reached XP level 2. HP: 14/22 MP: 5/5
   311 | D:1      | Reached skill level 1 in Fighting
  1334 | D:2      | Noticed Sigmund
  1354 | D:2      | Reached XP level 3. HP: 16/28 MP: 6/6
  1360 | D:1      | Learned a level 2 spell: Passwall
  1364 | D:1      | Learned a level 3 spell: Stone Arrow
  1566 | D:2      | Noticed Terence
  1735 | D:1      | Killed Terence
  1735 | D:1      | Reached XP level 4. HP: 35/37 MP: 0/8
  1839 | D:2      | Killed Sigmund
  1839 | D:2      | Reached skill level 1 in Conjurations
  1839 | D:2      | Reached skill level 4 in Earth Magic
  1839 | D:2      | Reached XP level 5. HP: 20/42 MP: 0/10
  2086 | D:2      | Found a runed translucent door.
  2087 | D:2      | Noticed Crazy Yiuf
  2098 | D:2      | Mangled by Crazy Yiuf

Skill      XL: |  1  2  3  4 |
---------------+-------------+-----
Fighting       | 1 2 |  2.5
Spellcasting   | 3 |  3.8
Conjurations   | 1 |  1.8
Earth Magic    | 4 |  4.2
Dodging        | |  1.7
Stealth        | |  1.7
Transmutations | |  1.0

Action                   |  1- 3 |  4- 6 || total
-------------------------+-------+-------++-------
Melee: Unarmed           |    98 |       ||    98
       Tailslap          |    16 |     2 ||    18
       Short sword       |    52 |     4 ||    56
       Scythe            |       |    21 ||    21
 Cast: Sandblast         |    19 |     8 ||    27
       Stone Arrow       |     1 |     3 ||     4
       Passwall          |     1 |       ||     1
  Use: Potion            |     1 |       ||     1
 Stab: Sleeping          |       |     1 ||     1
  Eat: Chunk             |     2 |     3 ||     5
Armor: Skin              |    64 |     6 ||    70
Dodge: Dodged            |   134 |    22 ||   156
